 Dungeon Crawl Stone Soup version 0.28.0 (webtiles) character file.

Game seed: 13511338340540773789

50519 Angani the Devastator (level 14, -2/121 HPs)
             Began as a Yellow Draconian Delver on Feb 13, 2022.
             Was a High Priest of Vehumet.
             Slain by a dream sheep (3 damage)
             ... on level 6 of the Lair of Beasts.
             The game lasted 01:06:04 (26467 turns).

Angani the Devastator (Yellow Draconian Delver)    Turns: 26467, Time: 01:06:04

Health: -2/121     AC: 16    Str: 21    XL:     14   Next: 20%
Magic:  28/28      EV: 15    Int: 22    God:    Vehumet [*****.]
Gold:   1647       SH:  5    Dex: 12    Spells: 3/34 levels left

rFire   + . .      SeeInvis +   G - staff of conjuration
rCold   . . .      Faith    .   Q - +2 buckler "Noubaal" {Str+6 Stlth+}
rNeg    . . .      Spirit   .   (armour unavailable)
rPois   .          Reflect  .   y - +0 mask of the Dragon {Will+ Slay+3 SInv}
rElec   .          Harm     .   I - +1 cloak
rCorr   +          Rampage  .   E - +2 pair of gloves
Will    ++...                   s - +2 pair of boots
Stlth   ++++......              k - amulet of regeneration
HPRegen 1.10/turn               n - ring of protection from fire
MPRegen 0.21/turn               z - +6 ring of intelligence

@: no status effects
A: spit acid, AC +8, unfitting armour, acidic bite, cold-blooded, acid
resistance
a: Breathe Acid, Renounce Religion


You were on level 6 of the Lair of Beasts.
You worshipped Vehumet.
Vehumet was extremely pleased with you.
You visited 4 branches of the dungeon, and saw 21 of its levels.
You also visited: Ossuary and Gauntlet.

You collected 2004 gold pieces.
You spent 357 gold pieces at shops.

Inventory:

Armour
 q - a scarf of invisibility
 s - a +2 pair of boots (worn)
 y - the +0 mask of the Dragon (worn) {Will+ Slay+3 SInv}
   (You found it in a Gauntlet)

   Slay:      It affects your accuracy & damage with ranged weapons and melee
   (+3).
   SInv:      It lets you see invisible.
   Will:      It increases your willpower.
 E - a +2 pair of gloves (worn)
 I - a +1 cloak (worn)
 Q - the +2 buckler "Noubaal" (worn) {Str+6 Stlth+}
   (You found it on level 4 of the Lair of Beasts)

   Str:       It affects your strength (+6).
   Stlth:     It makes you more stealthy.
Magical Staves
 l - a staff of poison
 x - a staff of fire
 A - a staff of air
 G - a staff of conjuration (weapon)
Jewellery
 k - an amulet of regeneration (around neck)
 n - a ring of protection from fire (left hand)
 u - an amulet of magic regeneration
 z - a +6 ring of intelligence (right hand)
 L - a ring of wizardry
Wands
 e - a wand of flame (14)
 f - a wand of digging (14)
 o - a wand of polymorph (14)
 p - a wand of charming (7)
 w - a wand of acid (7)
 C - a wand of paralysis (6)
 N - a wand of iceblast (3)
Scrolls
 b - 2 scrolls of fog
 d - 9 scrolls of fear
 m - 4 scrolls of enchant weapon
 t - a scroll of identify
 J - a scroll of magic mapping
 K - 8 scrolls of teleportation
Potions
 c - a potion of haste
 g - 5 potions of mutation
 h - 3 potions of heal wounds {unknown}
 i - 10 potions of curing
 j - 2 potions of lignification {unknown}
 r - 3 potions of attraction {unknown}
 v - a potion of flight
 B - 3 potions of resistance {unknown}
 D - 3 potions of degeneration {unknown}
 H - 2 potions of invisibility
 M - 2 potions of might
 O - a potion of berserk rage
Miscellaneous
 a - a lightning rod (4/4)
 F - a phantom mirror
 P - a condenser vane


   Skills:
 - Level 10.0 Fighting
 - Level 3.1 Polearms
 - Level 10.2 Dodging
 - Level 4.5 Stealth
 - Level 10.9 Spellcasting
 - Level 15.0 Conjurations
 + Level 4.4 Summonings
 - Level 6.0 Translocations
 - Level 2.7 Air Magic
 - Level 2.8 Poison Magic


You had 3 spell levels left.
You knew the following spells:

 Your Spells              Type           Power      Damage    Failure   Level
a - Freezing Cloud        Conj/Ice/Air   27%        6-21      5%          5
b - Poisonous Vapours     Pois/Air       48%        N/A       1%          2
c - Searing Ray           Conj           100%       2d8       1%          2
d - Airstrike             Air            12%        N/A       7%          4
f - Iskenderun's Mystic   Conj/Tloc      72%        2d15      1%          4
g - Orb of Destruction    Conj           43%        9d12      4%          7
h - Spellforged Servitor  Conj/Summ      35%        N/A       28%         7

Your spell library contained the following spells:

 Spells                   Type           Power      Damage    Failure   Level
 Blink                    Tloc           76%        N/A       1%          2
 Gell's Gravitas          Tloc           38%        N/A       1%          3
 Lesser Beckoning         Tloc           38%        N/A       1%          3
 Teleport Other           Tloc           38%        N/A       1%          3
 Freeze                   Ice            48%        1d7       2%          1
 Sting                    Tmut/Pois      72%        1d6       4%          1
 Corpse Rot               Necr/Air       36%        N/A       6%          2
 Portal Projectile        Hex/Tloc       50%        N/A       6%          3
 Summon Guardian Golem    Hex/Summ       21%        N/A       9%          3
 Sublimation of Blood     Necr           12%        N/A       12%         2
 Wereblood                Tmut           12%        N/A       12%         2
 Ozocubu's Armour         Ice            12%        N/A       22%         3
 Hailstorm                Conj/Ice       61%        3d13      1%          4
 Conjure Ball Lightning   Conj/Air       33%        3x3d11    9%          6
 Manifold Assault         Tloc           38%        N/A       17%         5
 Summon Ice Beast         Ice/Summ       21%        N/A       30%         4
 Summon Mana Viper        Hex/Summ       21%        N/A       63%         5
 Dispersal                Tloc           19%        N/A       67%         6
 Metabolic Englaciation   Hex/Ice        6%         N/A       91%         5
 Simulacrum               Ice/Necr       6%         N/A       100%        6
 Monstrous Menagerie      Summ           15%        N/A       100%        7
 Summon Hydra             Summ           15%        N/A       100%        7
 Discord                  Hex            6%         N/A       100%        8
 Disjunction              Tloc           19%        N/A       100%        8


Dungeon Overview and Level Annotations

Branches:
Dungeon (12/15)            Temple (1/1) D:5            Lair (6/6) D:8
 Shoals (0/4) Lair:2        Snake (0/4) Lair:2          Orc (2/2) D:12
    Elf (0/3) Orc:2       Ossuary (visited)         Gauntlet (visited)
  Slime: Lair:5-6

Altars:
Okawaru
Vehumet
Xom
The Shining One

Shops:
D:9 *   Orc:2 ?:==

Annotations:
D:3 Natasha
D:10 2 transporters, Skimidon's ghost, novice MiFi


Innate Abilities, Weirdness & Mutations

You can spit globs of acid.
Your golden yellow scales are hard. (AC +8)
You cannot fit into any form of body armour.
You have acidic saliva.
You are cold-blooded and may be slowed by cold attacks.
You are resistant to acid. (rCorr)


Message History

You feel a surge of power!
You erupt in a blast of force!
The mystic blast hits the blink frog!!
The blink frog is almost dead.
The blink frog is knocked back by the mystic blast.
Unknown command.
Unknown command.
Casting: Iskenderun's Mystic Blast (safe; 1% risk of failure)
Confirm with . or Enter, or press ? or * to list all spells.
You feel a surge of power!
You erupt in a blast of force!
The mystic blast hits the blink frog!!
You kill the blink frog!
Vehumet accepts your kill.
Unknown command.
You start resting.
HP restored.
You start resting.
Magic restored.
Unknown command.
You climb downwards.
A blink frog comes into view.
The dream sheep bites you.
You are overwhelmed by glittering dream dust!
You feel drowsy...
You fall asleep.
The komodo dragon bites you!!!!
You wake up.
Ouch! That really hurt!
The blink frog hits you!
The dream sheep bites you but does no damage.
A cane toad comes into view.
The komodo dragon bites you!
* * * LOW HITPOINT WARNING * * *
The blink frog blinks!
A yak comes into view.
The blink frog croaks.
The yak bellows!
You hear a trumpeting! x2
There is a stone staircase leading up, spattered with blood here.
Unknown command.
The dream sheep bites you but does no damage. x2
The komodo dragon bites you!!
* * * LOW HITPOINT WARNING * * *
The dream sheep bites you.
You die...

#...#..Y.
≈≈≈≈≈≈≈≈≈≈≈≈≈≈.#........
#≈≈≈≈≈≈≈≈≈≈≈≈..#........
≈≈F≈≈≈≈≈≈≈≈≈≈.##........
≈≈≈F≈≈≈≈≈≈≈≈..#.........
≈P≈≈≈≈≈≈≈≈≈P..#......SYY
.)...≈≈≈Y..........F.<.Y
##≈..≈§≈lY.........Y.S..
.......@YY.........Y....
.......YYY..............
.........#.Y.....Y......
.....$.##. y...YY......#
.....## .# ..Y.........
....# #. FF........#
.... .. . ... ...


You could see a komodo dragon, 2 yaks, 2 cane toads, 2 blink frogs, a vampire
mosquito and 7 dream sheep.

Vanquished Creatures
  Snorg (D:10)
  Harold (D:7)
  6 hydras
  A boulder beetle (D:11)
  A catoblepas (Lair:5)
  Erica (D:9)
  A two-headed ogre (Orc:2)
  3 death yaks
  5 orc knights
  2 ugly things
  A deep elf pyromancer (D:11)
  A cyclops (D:12)
  Maurice (D:10)
  7 black mambas
  An elephant (Lair:5)
  3 centaur zombies
  A merfolk siren (Lair:2)
  Joseph (D:7)
  12 cane toads
  A kobold demonologist (D:10)
  2 unseen horrors
  3 rime drakes
  6 komodo dragons
  4 trolls
  A polar bear (Lair:5)
  A tyrant leech (Lair:5)
  4 dream sheep (Lair:4)
  13 blink frogs
  2 centaur simulacra (Gauntlet)
  4 shadows
  5 basilisks
  Sigmund (D:2)
  Grum (D:10)
  A vampire (D:11)
  3 wyverns
  34 yaks
  A vampire mosquito (Lair:5)
  2 nagas (Lair:2)
  6 wargs
  An acid dragon (D:10)
  20 water moccasins
  35 orc warriors
  An ice beast (D:7)
  2 sky beasts (D:6)
  A hornet zombie (D:9)
  3 black bears
  A meliai simulacrum (Gauntlet)
  4 ogres
  6 wolves
  24 centaurs
  2 kobold brigands
  15 bullfrogs
  2 wyvern zombies (D:7)
  A wyvern skeleton (D:7)
  A scorpion (D:5)
  21 killer bees
  12 wights
  2 bullfrog zombies (D:5)
  4 howler monkeys
  A crimson imp (Gauntlet)
  3 hounds (D:4)
  A jelly (D:7)
  A gnoll shaman (D:7)
  9 orc priests
  3 centaur skeletons
  An iguana (D:6)
  A scorpion zombie (D:5)
  Natasha (twice) (D:3)
  10 orc wizards
  2 hell rats (Lair:2)
  Terence (D:2)
  2 killer bee zombies
  2 mummies
  A howler monkey zombie (D:8)
  8 gnolls
  9 adders
  10 river rats (Lair:2)
  A shadow imp (D:7)
  An ufetubus (D:7)
  4 dart slugs
  62 orcs
  5 spectral bats (Ossuary)
  9 ball pythons
  6 endoplasms
  A giant cockroach (D:2)
  12 gnoll zombies (Ossuary)
  10 hobgoblins
  10 jackals
  9 kobolds
  11 quokkas
  8 bats
  3 bat simulacra (Ossuary)
  3 frilled lizards
  9 goblins
  2 goblin simulacra (Ossuary)
  6 goblin zombies (Ossuary)
  4 hobgoblin zombies (Ossuary)
  3 kobold simulacra (Ossuary)
  3 kobold zombies (Ossuary)
  5 orc zombies (Ossuary)
  3 rats
  4 rat simulacra (Ossuary)
  4 spectral goblins (Ossuary)
  3 spectral kobolds (Ossuary)
571 creatures vanquished.

Vanquished Creatures (collateral kills)
  A minotaur (Gauntlet)
1 creature vanquished.

Vanquished Creatures (others)
  Psyche (D:8)
  14 demonic plants (Gauntlet)
  58 fungi
  82 plants
155 creatures vanquished.

Grand Total: 727 creatures vanquished

Notes
Turn   | Place    | Note
-------+----------+-------------------------------------------
     0 | D:5      | Angani the Draconian Delver began the quest for the Orb.
     0 | D:5      | Reached XP level 1. HP: 19/19 MP: 1/1
    12 | D:5      | Found a staircase to the Ecumenical Temple.
    17 | Temple   | Entered the Ecumenical Temple
    39 | Temple   | Became a worshipper of Vehumet
    86 | D:5      | Found a sand-covered staircase.
   110 | D:5      | Reached XP level 2. HP: 11/27 MP: 2/2
   290 | Ossuary  | Entered an ossuary
   472 | Ossuary  | Reached XP level 3. HP: 33/33 MP: 3/3
   499 | Ossuary  | Reached * piety under Vehumet
   499 | Ossuary  | Offered knowledge of Freeze by Vehumet.
   529 | Ossuary  | Learned a level 1 spell: Freeze
   691 | Ossuary  | Reached skill level 1 in Spellcasting
   836 | Ossuary  | Reached ** piety under Vehumet
   888 | Ossuary  | Offered knowledge of Poisonous Vapours by Vehumet.
   889 | Ossuary  | Reached XP level 4. HP: 32/40 MP: 5/5
   954 | Ossuary  | Learned a level 2 spell: Poisonous Vapours
  1144 | D:5      | Noticed a scorpion
  1253 | D:5      | Killed a scorpion
  1254 | D:5      | Reached skill level 1 in Air Magic
  1254 | D:5      | Reached skill level 1 in Poison Magic
  1254 | D:5      | Reached XP level 5. HP: 47/47 MP: 0/8
  1436 | D:4      | Noticed a centaur
  1452 | D:4      | Killed a centaur
  1453 | D:4      | Reached XP level 6. HP: 38/53 MP: 3/10
  2111 | D:2      | Offered knowledge of Searing Ray by Vehumet.
  2115 | D:2      | Learned a level 2 spell: Searing Ray
  2401 | D:1      | Reached *** piety under Vehumet
  2664 | D:1      | Found a faded altar of an unknown god.
  2885 | D:1      | Offered knowledge of Airstrike by Vehumet.
  2906 | D:1      | Learned a level 4 spell: Airstrike
  3041 | D:2      | Noticed Sigmund
  3090 | D:2      | Killed Sigmund
  3091 | D:2      | Reached skill level 2 in Conjurations
  3091 | D:2      | Your scales start taking on a golden yellow colour.
  3091 | D:2      | Reached XP level 7. HP: 57/60 MP: 7/12
  3091 | D:2      | Gained mutation: You are resistant to acid. (rCorr) [Yellow
                  | Draconian growth]
  3179 | D:2      | Found a shimmering altar of Xom.
  3195 | D:2      | Noticed Terence
  3212 | D:2      | Killed Terence
  3655 | D:3      | Noticed Natasha
  3664 | D:3      | Killed Natasha
  3848 | D:3      | Reached **** piety under Vehumet
  4133 | D:3      | Noticed Natasha
  4137 | D:3      | Killed Natasha
  4363 | D:3      | Noticed Natasha
  4540 | D:4      | Reached skill level 3 in Conjurations
  4547 | D:4      | Offered knowledge of Yara's Violent Unravelling by Vehumet.
  5353 | D:6      | Reached skill level 5 in Spellcasting
  5353 | D:6      | Reached skill level 4 in Conjurations
  5353 | D:6      | Reached XP level 8. HP: 57/67 MP: 15/15
  5490 | D:6      | Reached skill level 5 in Conjurations
  5781 | D:6      | Reached skill level 6 in Conjurations
  6104 | D:7      | Reached XP level 9. HP: 65/72 MP: 5/20
  6373 | D:7      | Noticed Joseph
  6383 | D:7      | Killed Joseph
  6525 | D:7      | Noticed Harold
  6543 | D:7      | Killed Harold
  6646 | D:7      | Reached skill level 10 in Spellcasting
  7099 | D:7      | Reached XP level 10. HP: 42/80 MP: 12/24
  7289 | D:7      | Found an iron altar of Okawaru.
  7289 | D:7      | Found a glowing golden altar of the Shining One.
  7426 | D:8      | Noticed Psyche
  7503 | D:8      | Reached skill level 5 in Fighting
  7573 | D:8      | Killed Psyche
  7762 | D:8      | Reached ***** piety under Vehumet
  8196 | D:8      | Found a staircase to the Lair.
  8576 | D:9      | Reached skill level 5 in Dodging
  8822 | D:9      | Offered knowledge of Hailstorm by Vehumet.
  9215 | D:9      | Noticed Erica
  9230 | D:9      | Killed Erica
  9313 | D:9      | Found Willob's Assorted Antiques.
  9317 | D:9      | Reached XP level 11. HP: 93/94 MP: 14/25
  9630 | D:9      | Bought a pair of runed gloves for 180 gold pieces
  9635 | D:9      | Bought a scroll labelled JUTUHYAGARR for 24 gold pieces
  9635 | D:9      | Bought a scroll labelled MUWOVU RI FAOF for 24 gold pieces
  9635 | D:9      | Bought a viscous cyan potion for 21 gold pieces
  9635 | D:9      | Bought a cloak for 108 gold pieces
 10079 | D:10     | Entered Level 10 of the Dungeon
 10088 | D:10     | Noticed Grum
 10101 | D:10     | Killed Grum
 10751 | D:10     | Noticed Skimidon's ghost (novice MiFi)
 10762 | D:10     | Found a transporter.
 10884 | D:10     | Found a transporter.
 11071 | D:10     | Noticed Snorg
 11099 | D:10     | Killed Snorg
 11139 | D:10     | Noticed Maurice
 11152 | D:10     | Killed Maurice
 11462 | D:10     | Learned a level 4 spell: Hailstorm
 11498 | D:11     | Noticed a deep elf pyromancer
 11502 | D:11     | Killed a deep elf pyromancer
 11643 | D:11     | Reached skill level 10 in Fighting
 11872 | D:11     | Noticed an eight-headed hydra
 11872 | D:11     | Noticed a cyan ugly thing
 11902 | D:10     | Killed a cyan ugly thing
 12048 | D:11     | Killed an eight-headed hydra
 12300 | D:11     | Noticed a four-headed hydra
 12403 | D:11     | Killed a four-headed hydra
 12564 | D:11     | Identified a scroll of acquirement
 12564 | D:11     | Acquired a staff of conjuration
 12601 | D:12     | Found a gate leading to a gauntlet.
 12610 | Gauntlet | Entered a Gauntlet
 12610 | Gauntlet | Found a transporter.
 12610 | Gauntlet | Found a transporter.
 12614 | Gauntlet | Found a transporter.
 12616 | Gauntlet | Noticed a sixfirhy
 12623 | Gauntlet | Found a transporter.
 12646 | Gauntlet | Found a transporter.
 12648 | Gauntlet | Noticed a wizard
 12652 | Gauntlet | Found a transporter.
 12652 | Gauntlet | Found a transporter.
 12659 | Gauntlet | Noticed a wizard
 12676 | Gauntlet | Found a transporter.
 12683 | Gauntlet | Found a transporter.
 12695 | Gauntlet | Found a transporter.
 12704 | Gauntlet | Found a transporter.
 12713 | Gauntlet | Found a transporter.
 12747 | Gauntlet | Found a transporter.
 12768 | Gauntlet | Found a transporter.
 12866 | Gauntlet | Found a transporter.
 12874 | Gauntlet | Noticed a wizard
 12882 | Gauntlet | Found a transporter.
 13184 | Gauntlet | Identified the +0 pair of boots of Protective Custody {rN+
                  | rCorr Int-4}
 13282 | Gauntlet | Found the +0 mask of the Dragon {Will+ Slay+3 SInv}
 13282 | Gauntlet | Identified the +5 trident "Ifai" {venom, Dex+4}
 13282 | Gauntlet | Identified the +5 ring mail of Arcadian Fun {Str+4}
 13282 | Gauntlet | Noticed a minotaur
 13288 | Gauntlet | Killed a minotaur
 13289 | Gauntlet | Reached XP level 12. HP: 58/106 MP: 6/26
 13400 | Gauntlet | Got Gicvesior's Handbook of the Traveller and Toxins
 13446 | D:12     | Noticed a boulder beetle
 13475 | D:11     | Killed a boulder beetle
 13476 | D:11     | Reached skill level 10 in Dodging
 13587 | D:11     | Learned a level 4 spell: Iskenderun's Mystic Blast
 13680 | D:12     | Reached skill level 1 in Translocations
 13925 | D:12     | Identified the +7 hunting sling of the Muttering Traitor
                  | {freeze, Str+2}
 14181 | D:12     | Found a staircase to the Orcish Mines.
 14397 | D:12     | Learned a level 7 spell: Orb of Destruction
 14405 | D:12     | Learned a level 7 spell: Spellforged Servitor
 14571 | D:12     | Identified the +0 quarterstaff "Gaisa" {freeze, *Rage Fly
                  | rC+ Dex+2}
 14867 | Orc:1    | Entered Level 1 of the Orcish Mines
 14876 | Orc:1    | Offered knowledge of Sticky Flame by Vehumet.
 15000 | Orc:1    | Reached skill level 5 in Translocations
 15252 | Orc:2    | Entered Level 2 of the Orcish Mines
 16562 | Orc:2    | Reached skill level 7 in Conjurations
 17156 | Orc:2    | Reached skill level 8 in Conjurations
 17480 | Orc:2    | Noticed a two-headed ogre
 17500 | Orc:2    | Killed a two-headed ogre
 17618 | Orc:2    | Reached skill level 9 in Conjurations
 17921 | Orc:2    | Found a staircase to the Elven Halls.
 18228 | Orc:2    | Found Rexo's Book Shoppe.
 18228 | Orc:2    | Found Rezo's Jewellery Boutique.
 18230 | Orc:2    | Found Sygat's Jewellery Shop.
 18232 | Orc:2    | Found Yxtots's Magic Scroll Emporium.
 19055 | Orc:1    | Reached skill level 10 in Conjurations
 19333 | Lair:1   | Entered Level 1 of the Lair of Beasts
 19536 | Lair:1   | Reached XP level 13. HP: 113/113 MP: 13/27
 20751 | Lair:2   | Reached skill level 11 in Conjurations
 21283 | Lair:2   | Found a staircase to the Shoals.
 21316 | Lair:2   | Found a staircase to the Snake Pit.
 21437 | Lair:2   | Reached skill level 12 in Conjurations
 21824 | Lair:2   | Found the +8 whip "Snakebite" {venom, curare, rPois}
 22265 | Lair:3   | Offered knowledge of Freezing Cloud by Vehumet.
 22411 | Lair:3   | Learned a level 5 spell: Freezing Cloud
 22477 | Lair:3   | Reached skill level 13 in Conjurations
 24012 | Lair:4   | Identified the +2 buckler "Noubaal" {Str+6 Stlth+}
 24102 | Lair:5   | Reached skill level 14 in Conjurations
 25296 | Lair:5   | Gained mutation: You have acidic saliva. [Yellow Draconian
                  | growth]
 25296 | Lair:5   | Reached XP level 14. HP: 121/121 MP: 7/28
 25593 | Lair:5   | Reached skill level 15 in Conjurations
 25728 | Lair:5   | Reached skill level 1 in Summonings
 26135 | Lair:6   | Entered Level 6 of the Lair of Beasts
 26467 | Lair:6   | HP: 1/121 [komodo dragon (24)]
 26467 | Lair:6   | Slain by a dream sheep

Illustrated notes

Levels and vault maps discovered:
D:1:      lightli_arrival_windingriver, layout_basic,
          shapermc_ecumenical_altar_venn, corner_web_ring,
          chequers_serial_rivers_small_3, kennysheep_flooded_box
D:2:      layout_basic, basic_altar, uniq_terence, uniq_sigmund
D:3:      layout_basic, st_stairs_2, uniq_natasha
D:4:      layout_loops_ring, minmay_close_crescents
D:5:      layout_cave_pools, temple_doors_e, gup_ossuary_entry_pyramid
D:6:      layout_basic
D:7:      layout_loops_cross, gammafunk_temple_overflow_elements,
          grunt_ministairs_12, minmay_fractal_squares_gapless_5, uniq_joseph,
          uniq_harold
D:8:      layout_rooms, due_lair_maze_entry_diamond, uniq_psyche
D:9:      nicolae_whirlpool, layout_irregular_city, kennysheep_small_circle,
          uniq_erica
D:10:     layout_roguey, gammafunk_ghost_stat_death, nrook_mini_vaults,
          minmay_fountain_box, hangedman_glass_teeth, uniq_maurice, uniq_grum,
          uniq_snorg
D:11:     layout_rooms
D:12:     layout_basic, david_orc_3, portal_ice_cave_rime,
          gauntlet_entry_generic
Temple:   mainiacjoe_temple_cubbyholes
Lair:1:   layout_long_grid, grunt_megastairs_5, lemuel_fruit_fields,
          infiniplex_staircase_pool_2
Lair:2:   minmay_guarded_unrand_snakebite, layout_cave_shapes,
          elwin_shoals_entry_rooms, guppyfry_snake_entry_garden,
          chequers_serial_rivers_micro_a, columned_hall_lemuel,
          kennysheep_rathole
Lair:3:   wander_river, layout_chaotic_city
Lair:4:   layout_big_grid, grunt_megastairs_3
Lair:5:   layout_regular_city
Lair:6:   minmay_lair_end_frog_pond, layout_small_grid,
          minmay_slime_entry_jelly_boxes, serial_bayou_shore_b
Orc:1:    layout_caves
Orc:2:    st_orc_rangers, layout_caves

Skill      XL: |  1  2  3  4  5  6  7  8  9 10 11 12 13 14 |
---------------+-------------------------------------------+-----
Fighting       | 4 8 10 | 10.0
Polearms       | 3 |  3.1
Spellcasting   | 1 2 3 5 7 10 | 10.9
Air Magic      | 1 2 |  2.7
Poison Magic   | 1 2 |  2.8
Conjurations   | 2 4 6 10 14 15 | 15.0
Dodging        | 5 9 10 | 10.2
Translocations | 6 |  6.0
Summonings     | 4 |  4.4
Stealth        | |  4.5

Action                   |  1- 3 |  4- 6 |  7- 9 | 10-12 | 13-15 || total
-------------------------+-------+-------+-------+-------+-------++-------
Melee: Spear             |   218 |   273 |   133 |       |       ||   624
       Tailslap          |    35 |    38 |    42 |    13 |     2 ||   130
       Punch             |     1 |     3 |     5 |       |       ||     9
       Trident           |       |       |   171 |    67 |       ||   238
       Staff             |       |       |       |     2 |     5 ||     7
       Bite              |       |       |       |       |     1 ||     1
Throw: Throwing net      |       |       |       |     3 |       ||     3
 Cast: Poisonous Vapours |       |    16 |    34 |    93 |     6 ||   149
       Searing Ray       |       |       |    32 |    79 |       ||   111
       Airstrike         |       |       |       |   193 |    33 ||   226
       Iskenderun's Myst |       |       |       |    82 |   174 ||   256
       Hailstorm         |       |       |       |     1 |       ||     1
       Orb of Destructio |       |       |       |       |    17 ||    17
       Freezing Cloud    |       |       |       |       |     1 ||     1
 Abil: Breathe Acid      |       |       |    11 |    13 |     8 ||    32
Evoke: Phantom mirror    |       |       |       |     1 |       ||     1
       Lightning rod     |       |       |       |     3 |       ||     3
  Use: Scroll            |     1 |       |     9 |    12 |     7 ||    29
       Potion            |     1 |       |     2 |     1 |       ||     4
 Stab: Sleeping          |    10 |    13 |    11 |     1 |       ||    35
Armor: Skin              |    63 |    73 |   111 |   153 |    32 ||   432
Dodge: Dodged            |   111 |   137 |   344 |   412 |    59 ||  1063
Block: Buckler           |       |       |       |       |     6 ||     6
